 Dungeon Crawl Stone Soup version 0.27.0-1-g7a089689b8 (webtiles) character file.

Game seed: 7542621357947299643

368 sobakacece the Chopper (level 6, -10/52 HPs)
             Began as a Minotaur Fighter on Aug 15, 2021.
             Mangled by an ogre (23 damage)
             ... on level 4 of the Dungeon.
             The game lasted 00:03:15 (3360 turns).

sobakacece the Chopper (Minotaur Fighter)           Turns: 3360, Time: 00:03:15

Health: -10/52     AC: 10    Str: 24    XL:     6   Next: 41%
Magic:  5/5        EV:  6    Int:  5    God:
Gold:   167        SH:  9    Dex: 10    Spells: 5/5 levels left

rFire    . . .     SeeInvis .   a - +0 war axe
rCold    . . .     Faith    .   c - +0 kite shield
rNeg     . . .     Spirit   .   d - +0 chain mail
rPois    .         Reflect  .   (helmet restricted)
rElec    .         Harm     .   (no cloak)
rCorr    .         Rampage  .   f - +0 pair of gloves
Will     .....                  (no boots)
Stlth    ..........             (no amulet)
HPRegen  1.17/turn              (no ring)
MPRegen  0.09/turn              (no ring)

@: no status effects
A: horns 2, retaliatory headbutt, regeneration 1, strong 1
a: no special abilities


You were on level 4 of the Dungeon.
You visited 1 branch of the dungeon, and saw 4 of its levels.

You collected 167 gold pieces.

Inventory:

Hand Weapons
 a - a +0 war axe (weapon)
Armour
 b - a +0 scale mail
 c - a +0 kite shield (worn)
 d - a +0 chain mail (worn)
 f - a +0 pair of gloves (worn)
Jewellery
 g - an amulet of magic regeneration
 m - an amulet of guardian spirit
Scrolls
 h - 4 scrolls of amnesia {unknown}
 i - a scroll of blinking
 k - a scroll of enchant armour {unknown}
 l - a scroll of teleportation {unknown}
 n - 5 scrolls of identify
Potions
 e - a potion of lignification
 j - 2 potions of brilliance


   Skills:
 - Level 4.2 Fighting
 * Level 7.5 Axes
 - Level 4.2 Armour
 - Level 3.9 Shields


You had 5 spell levels left.
You didn't know any spells.
Your spell library contained the following spells:

 Spells                   Type           Power      Damage    Failure   Level
 Magic Dart               Conj           0%         1d3       100%        1
 Call Imp                 Summ           0%         N/A       100%        2
 Mephitic Cloud           Conj/Pois/Air  0%         N/A       100%        3


Dungeon Overview and Level Annotations

Branches:
Dungeon (4/15)
 Temple: D:4-7

Altars:
Cheibriados
Elyvilon
Hepliaklqana
Makhleb
Ru
Sif Muna
Wu Jian


Innate Abilities, Weirdness & Mutations

You have a pair of horns on your head.
You reflexively headbutt those who attack you in melee.
Your natural rate of healing is unusually fast.
Your muscles are strong. (Str +2)


Message History

A quokka comes into view.
A quokka is nearby!
The quokka bites you but does no damage.
You hit the quokka.
The quokka is moderately wounded.
You block the quokka's attack. The quokka bites you.
You slash the quokka!
You kill the quokka!
You open the door.
There is an open door here.
You open the door.
Found 19 stones.
There is an open door here.
You open the door.
There is an open door here.
An ogre comes into view. It is wielding a +0 giant club.
The ogre shouts!
An ogre is nearby!
The ogre barely misses you.
You closely miss the ogre. You block the ogre's attack.
You barely miss the ogre. The ogre hits you with a +0 giant club!
You hit the ogre but do no damage. You headbutt the ogre!
The ogre is heavily wounded.
The ogre barely misses you.
You hit the ogre but do no damage.
The ogre is heavily wounded.
The ogre hits you with a +0 giant club!
Your shield and chain mail prevent you from hitting the ogre.
The ogre is heavily wounded.
The ogre hits you with a +0 giant club!
You are too injured to fight recklessly!
An ogre is nearby!
You hit the ogre. You headbutt the ogre!
The ogre is almost dead.
The ogre hits you with a +0 giant club!
* * * LOW HITPOINT WARNING * * *
You hit the ogre.
The ogre is almost dead.
The ogre hits you with a +0 giant club!!
You die...

########## ########
#......... ........
#......... ........
#......... ........
#.O....... .#......
#.@....... .#......(
#......... .######.#
#####.........
.#...##.###......#####..
.#........#......#.(.# .
.'........#......#...#
.#........#......#...#
##........#......'...#.....#
##........#......#...#.....#


You could see an ogre.

Vanquished Creatures
  A necrophage (D:4)
  A centaur (D:4)
  2 killer bees (D:3)
  A crimson imp (D:4)
  2 adders (D:4)
  3 dart slugs
  An orc (D:3)
  2 bats
  6 endoplasms
  4 giant cockroaches
  7 goblins
  5 hobgoblins
  3 jackals (D:1)
  3 kobolds
  5 quokkas
  2 ball pythons
  A frilled lizard (D:1)
  5 rats
54 creatures vanquished.

Notes
Turn   | Place    | Note
-------+----------+-------------------------------------------
     0 | D:1      | sobakacece the Minotaur Fighter began the quest for the
                  | Orb.
     0 | D:1      | Reached XP level 1. HP: 19/19 MP: 0/0
   448 | D:1      | Reached XP level 2. HP: 27/27 MP: 1/1
  1013 | D:1      | Reached XP level 3. HP: 33/33 MP: 2/2
  1263 | D:2      | Reached skill level 3 in Axes
  2509 | D:3      | Found a snail-covered altar of Cheibriados.
  2805 | D:4      | Noticed a necrophage
  2809 | D:4      | Killed a necrophage
  2810 | D:4      | Reached skill level 5 in Axes
  2810 | D:4      | Reached XP level 4. HP: 40/40 MP: 3/3
  2810 | D:4      | Reached XP level 5. HP: 46/46 MP: 4/4
  2813 | D:4      | Found an ornate altar of the Wu Jian Council.
  2894 | D:3      | Reached skill level 6 in Axes
  2901 | D:3      | Gained mutation: Your natural rate of healing is unusually
                  | fast. [potion of mutation]
  2901 | D:3      | Gained mutation: Your muscles are strong. (Str +2) [potion
                  | of mutation]
  3037 | D:4      | Reached XP level 6. HP: 52/52 MP: 5/5
  3115 | D:4      | Reached skill level 7 in Axes
  3135 | D:4      | Found a white marble altar of Elyvilon.
  3135 | D:4      | Found a hazy altar of Hepliaklqana.
  3142 | D:4      | Found a shimmering blue altar of Sif Muna.
  3144 | D:4      | Found a burning altar of Makhleb.
  3146 | D:4      | Found a sacrificial altar of Ru.
  3360 | D:4      | Mangled by an ogre

Illustrated notes

Levels and vault maps discovered:
D:1:      lemuel_arrival_tunnels, layout_basic
D:2:      layout_basic
D:3:      layout_loops_ring, mainiacjoe_overflow_24_doors
D:4:      layout_gridville, nicolae_wu_jian_wuxing_cycle,
          chequers_temple_overflow_minitemple, minmay_fire_ice_demons

Skill      XL: |  1  2  3  4  5  6 |
---------------+-------------------+-----
Fighting       | 4 |  4.2
Armour         | 4 |  4.2
Axes           | 5 6 7 |  7.5
Shields        | |  3.9

Action                   |  1- 3 |  4- 6 || total
-------------------------+-------+-------++-------
Melee: War axe           |    85 |    41 ||   126
       Headbutt          |    12 |     8 ||    20
  Use: Scroll            |     5 |       ||     5
       Potion            |       |     3 ||     3
Armor: Scale mail        |    42 |     8 ||    50
       Chain mail        |       |    17 ||    17
Dodge: Dodged            |    22 |    17 ||    39
Block: Kite shield       |    42 |    37 ||    79
